 Dungeon Crawl Stone Soup version 0.28.0-53-g5a82cb258f (webtiles) character file.

Game seed: 2199374606324035653

103 buhh the Skirmisher (level 4, 0/34 HPs)
             Began as an Octopode Transmuter on June 18, 2022.
             Slain by a sickly merfolk siren
             ... wielding a +0 spear
              (9 damage)
             ... in a sewer.
             The game lasted 00:06:03 (3147 turns).

buhh the Skirmisher (Octopode Transmuter)           Turns: 3147, Time: 00:06:04

Health: 0/34       AC:  1    Str:  9    XL:     4   Next: 79%
Magic:  7/7        EV: 13    Int: 17    God:
Gold:   210        SH:  0    Dex: 12    Spells: 4/7 levels left

rFire   . . .      SeeInvis .     - Unarmed
rCold   . . .      Faith    .   (no shield)
rNeg    . . .      Spirit   .   (helmet restricted)
rPois   +          Reflect  .   (no amulet)
rElec   .          Harm     .   c - ring of poison resistance
rCorr   .          Rampage  .   (no ring)
Will    .....                   (no ring)
Stlth   +++.......              (no ring)
HPRegen 0.11/turn               (no ring)
MPRegen 0.10/turn               (no ring)
                                (no ring)
                                (no ring)

@: no status effects
A: almost no armour, amphibious, 8 rings, camouflage 1, gelatinous body 1,
(nimble swimmer 1), tentacles
a: no special abilities


You were in a sewer.
You visited 1 branch of the dungeon, and saw 3 of its levels.
You also visited: Sewer.

You collected 210 gold pieces.

Inventory:

Jewellery
 c - a ring of poison resistance (left tentacle)
Scrolls
 d - a scroll of immolation {unknown}
 e - a scroll of teleportation {unknown}
 f - a scroll of enchant weapon {unknown}
 g - a scroll of torment {unknown}
 X - a scroll of amnesia
 Z - a scroll of enchant armour
Potions
 a - a potion of ambrosia {unknown}
 b - a potion of attraction
 h - a potion of berserk rage {!q}
 i - a potion of heal wounds {unknown}


   Skills:
 + Level 4.3 Fighting
 - Level 2.0 Dodging
 - Level 1.0 Stealth
 - Level 3.0 Unarmed Combat
 - Level 2.0 Spellcasting
 - Level 2.0 Transmutations


You had 4 spell levels left.
You knew the following spells:

 Your Spells              Type           Power      Damage    Failure   Level
a - Beastly Appendage     Tmut           16%        N/A       9%          1
b - Wereblood             Tmut           8%         N/A       13%         2

Your spell library contained the following spells:

 Spells                   Type           Power      Damage    Failure   Level
 Animate Skeleton         Necr           2%         N/A       19%         1
 Apportation              Tloc           2%         N/A       19%         1
 Summon Small Mammal      Summ           4%         N/A       19%         1
 Spider Form              Tmut/Pois      5%         N/A       36%         3
 Ice Form                 Ice/Tmut       5%         N/A       77%         4
 Blade Hands              Tmut           4%         N/A       93%         5
 Irradiate                Conj/Tmut      2%         3d14      98%         5
 Dragon Form              Tmut           4%         N/A       100%        7


Dungeon Overview and Level Annotations

Branches:
Dungeon (3/15)              Sewer (1/1)

Altars:
Gozag


Innate Abilities, Weirdness & Mutations

You cannot wear most types of armour.
You are amphibious.
You can wear up to eight rings at the same time.
Your skin changes colour to match your surroundings (Stealth+).
Your rubbery body absorbs attacks. (AC +1, EV +1)
((You are camouflaged when in or above water. (Stealth+)))
You have tentacles for arms and can constrict up to eight enemies at once.


Message History

The rat completely misses you.
You tentacle-slap the rat but do no damage.
Your grab misses the rat.
Your tentacle spike misses the rat.
The rat closely misses you.
You tentacle-slap the rat. You grab the rat. You squeeze the rat.
You kill the rat!
You see here a rat corpse.
Your transformation is almost over.
What are your orders? t - Shout!
Orders for allies: a - Attack new target. r - Retreat! s - Stop attacking. g - Guard the area. f - Follow me.
Anything else - Cancel.
You shout for attention!
You hear an angry hiss.
You hear a shout!
You hear an angry hiss. x2
An adder comes into view.
The sickly merfolk siren chants a haunting song.
You are mesmerised by the sickly merfolk siren!
You hear an angry hiss. x2
You cannot move away from the sickly merfolk siren!
You cannot move away from the sickly merfolk siren!
The sickly merfolk siren chants its luring song.
You hear an angry hiss.
You are no longer entranced.
The frilled lizard hisses angrily.
The sickly merfolk siren barely misses you.
The sickly merfolk siren hits you with a +0 spear!!
Ouch! That really hurt!
The frilled lizard hisses angrily.
You tentacle-slap the sickly merfolk siren.
Your grab misses the sickly merfolk siren.
You pierce the sickly merfolk siren, but do no damage.
The sickly merfolk siren is lightly wounded.
Your tentacle spike disappears.
The sickly merfolk siren completely misses you.
The adder bites you.
* * * LOW HITPOINT WARNING * * *
The sickly merfolk siren hits you from afar with a +0 spear!
You die...

## r..# l≈...
≈≈≈...#######
l≈l≈≈l.†...†#
m≈≈≈r≈l≈≈##.#
###≈###l≈≈#@# #### ..
###mS≈#############..#
$ #≈≈≈≈≈†≈≈≈≈≈≈≈†..≈..
##########≈≈≈≈≈≈≈≈≈≈
#############
#∩∩≈≈≈≈......
###≈≈≈.###### ##≈.##
####


You could see a sickly merfolk siren and an adder.

Vanquished Creatures
  2 river rats
  2 adders
  4 worms
  8 ball pythons
  5 endoplasms
  5 giant cockroaches
  2 goblins (D:1)
  5 hobgoblins
  3 bats (D:1)
  7 frilled lizards
  5 kobolds
  11 rats
59 creatures vanquished.

Vanquished Creatures (others)
  A plant (D:2)
  3 toadstools (D:1)
4 creatures vanquished.

Grand Total: 63 creatures vanquished

Notes
Turn   | Place    | Note
-------+----------+-------------------------------------------
     0 | D:1      | buhh the Octopode Transmuter began the quest for the Orb.
     0 | D:1      | Reached XP level 1. HP: 13/13 MP: 3/3
   298 | D:1      | Reached XP level 2. HP: 17/19 MP: 3/5
   337 | D:1      | Found a faded altar of an unknown god.
   373 | D:1      | Reached skill level 2 in Fighting
   940 | D:1      | Learned a level 2 spell: Wereblood
   952 | D:1      | Reached XP level 3. HP: 17/25 MP: 4/6
  1165 | D:2      | Found an opulent altar of Gozag.
  1423 | D:2      | Reached skill level 3 in Fighting
  2546 | D:3      | Reached XP level 4. HP: 29/33 MP: 5/7
  2643 | D:3      | Found a glowing drain.
  2655 | D:3      | Reached skill level 4 in Fighting
  2700 | Sewer    | Entered a sewer
  3147 | Sewer    | Slain by a sickly merfolk siren

Illustrated notes

Levels and vault maps discovered:
D:1:      heliophobic_arrival_enchanted_forest, layout_loops_cross,
          chequers_ecumenical_altar_simple, minmay_gold_behind_fungi
D:2:      cheibrodos_old_hovel, layout_loops_cross, basic_altar
D:3:      layout_loops_corners, portal_sewer_entry_e, serial_park_tiny_2,
          nrook_uturn
Sewer:    sewer_sea

Skill      XL: |  1  2  3  4 |
---------------+-------------+-----
Stealth        | 1 |  1.0
Fighting       | 2 3 4 |  4.3
Dodging        | |  2.0
Unarmed Combat | |  3.0
Spellcasting   | |  2.0
Transmutations | |  2.0

Action                   |  1- 3 |  4- 6 || total
-------------------------+-------+-------++-------
Melee: Unarmed           |    83 |    45 ||   128
       Kick              |    32 |     8 ||    40
       Constrict         |    24 |    13 ||    37
       Tentacles         |    17 |    11 ||    28
       Punch             |     2 |     1 ||     3
 Cast: Beastly Appendage |    35 |    10 ||    45
  Use: Scroll            |     4 |       ||     4
 Stab: Sleeping          |     7 |     4 ||    11
Armor: Skin              |     3 |       ||     3
Dodge: Dodged            |    31 |    30 ||    61
